 Dungeon Crawl Stone Soup version 0.21-a0-221-gfe971b9 (webtiles) character file.

125 tidbits the Skirmisher (level 4, 0/41 HPs)
             Began as a Draconian Wanderer on Aug 26, 2017.
             Was an Initiate of Cheibriados.
             Slain by an adder (2 damage)
             ... on level 4 of the Dungeon.
             The game lasted 00:05:56 (377 turns).

tidbits the Skirmisher (Draconian Wanderer)          Turns: 377, Time: 00:05:57

Health: 0/41       AC:  5    Str: 14    XL:     4   Next: 82%
Magic:  5/5        EV: 13    Int: 15    God:    Cheibriados [......]
Gold:   14         SH:  0    Dex: 12    Spells: 3/3 levels left

rFire    . . .     SeeInvis .   b - +0 hunting sling
rCold    . . .     Gourm    .   (no shield)
rNeg     . . .     Faith    .   (armour unavailable)
rPois    .         Spirit   .   (helmet restricted)
rElec    .         Reflect  .   (no cloak)
rCorr    .         Harm     .   (no gloves)
MR       .....                  (no boots)
Stlth    +.........             (no amulet)
HPRegen  0.13/turn              (no ring)
MPRegen  0.09/turn              (no ring)

@: very slightly contaminated, invisible, very slow
A: unfitting armour, cold-blooded, AC +5
a: Bend Time, Renounce Religion


You were on level 4 of the Dungeon.
You worshipped Cheibriados.
Cheibriados was noncommittal.
You were not hungry.

You visited 1 branch of the dungeon, and saw 4 of its levels.

You collected 14 gold pieces.

Inventory:

Hand Weapons
 a - a +0 mace
 b - a +0 hunting sling (weapon)
Missiles
 f - 53 stones
 g - 16 sling bullets (quivered)
 j - 20 bolts
 m - 13 arrows
 n - 3 tomahawks
Wands
 h - a wand of confusion (8/48)
Scrolls
 e - a scroll of identify {unknown}
 i - a scroll of fear {unknown}
 k - a scroll of teleportation {unknown}
Potions
 l - a potion of invisibility
Books
 c - the Disquisition on the Rocks

   Spells                             Type                      Level
   a - Sandblast                      Earth                        1
   b - Stone Arrow                    Conjuration/Earth            3
Comestibles
 d - a bread ration


   Skills:
 + Level 4.8 Fighting
   Level 1.7 Bows
 + Level 2.9 Dodging
   Level 2.0 Necromancy
   Level 1.0 Earth Magic
 - Level 2.0 Evocations


You had 3 spell levels left.
You didn't know any spells.

Dungeon Overview and Level Annotations

Branches:
Dungeon (4/15)
 Temple: D:4-7

Altars:
Cheibriados
Trog


Innate Abilities, Weirdness & Mutations

Your plain brown scales are hard. (AC +5)
You cannot fit into any form of body armour.
You are cold-blooded and may be slowed by cold attacks.


Message History

Aiming: Confuse
Press: ? - help, Shift-Dir - straight line, f/p - adder
Aim: an adder (chance to defeat MR: 61%)
The adder resists with significant effort.
This wand has 11 charges left.
The adder barely misses you. The adder bites you.
Evoke which item? (* to show all) (? for menu, Esc to quit)
Aiming: Confuse
Press: ? - help, Shift-Dir - straight line, f/p - adder
Aim: an adder (chance to defeat MR: 61%)
The adder resists with significant effort.
This wand has 10 charges left.
The adder bites you but does no damage.
Evoke which item? (* to show all) (? for menu, Esc to quit)
Aiming: Confuse
Press: ? - help, Shift-Dir - straight line, f/p - adder
Aim: an adder (chance to defeat MR: 61%)
The adder resists with significant effort.
This wand has 9 charges left.
The adder bites you.
* * * LOW HITPOINT WARNING * * *
Evoke which item? (* to show all) (? for menu, Esc to quit)
Aiming: Confuse
Press: ? - help, Shift-Dir - straight line, f/p - adder
Aim: an adder (chance to defeat MR: 61%)
The adder appears confused.
The orc shouts!
This wand has 8 charges left.
The adder closely misses the jackal.
The hound bites you but does no damage.
The adder closely misses the hound.
Firing (i - inventory. (,) - cycle):
g - 17 sling bullets (quivered)
Press: ? - help, Shift-Dir - straight line, f - jackal, p - adder
Aim: a jackal You shoot a sling bullet.
The sling bullet closely misses the hound.
The sling bullet hits the jackal but does no damage.
The hound closely misses you.
The adder misses the hound.
The hound closely misses you.
Wield which item (- for none, * to show all)? (? for menu, Esc to quit)
a - a +0 mace (weapon)
The adder misses the jackal.
The hound barely misses you.
You hit the hound.
Your tail-slap misses the hound.
The hound is moderately wounded.
The hound bites you.
* * * LOW HITPOINT WARNING * * *
The adder bites the jackal.
The hound bites you.
* * * LOW HITPOINT WARNING * * *
You barely miss the hound.
Your tail-slap misses the hound.
The hound is moderately wounded.
The adder bites the hound.
The hound is poisoned.
The adder poisons the hound!
The hound bites you.
* * * LOW HITPOINT WARNING * * *
The adder misses the jackal.
The hound closely misses you.
You closely miss the hound.
The hound is heavily wounded.
The hound bites you but does no damage.
The adder barely misses the jackal.
The hound bites you.
* * * LOW HITPOINT WARNING * * *
The hound bites you.
* * * LOW HITPOINT WARNING * * *
You hit the hound.
The hound is heavily wounded.
The adder misses the jackal.
The hound barely misses you.
The adder bites the hound.
The hound looks even sicker.
The adder poisons the hound!
The hound closely misses you.
It was a potion of invisibility.
You fade into invisibility!
The hound barely misses you.
The adder barely misses the jackal.
You are very lightly contaminated with residual magic.
You closely miss the hound.
Your tail-slap misses the hound.
The hound is severely wounded.
The hound closely misses you. The hound bites you.
* * * LOW HITPOINT WARNING * * *
The adder closely misses the hound.
The hound bites you.
* * * LOW HITPOINT WARNING * * *
The adder barely misses the hound.
You sock the hound!
You kill the hound!
Cheibriados thoroughly appreciates the change of pace.
The adder seems less confused.
What are your orders? t - Shout!
Orders for allies: a - Attack new target. p - Attack previous target. r - Retreat! s - Stop attacking. g - Guard the area. f - Follow me.
Anything else - Cancel.
Gang up on whom?
Press: ? - help, Dir - move target cursor, f/p - jackal
Aim: a jackal Attack!
Unknown command.
Okay, then.
Wield which item (- for none, * to show all)? (? for menu, Esc to quit)
b - a +0 hunting sling (weapon)
You see here a dagger.
The adder bites you but does no damage. The adder bites you.
* * * LOW HITPOINT WARNING * * *
The adder barely misses you. The adder bites you.
You die...

####.####.#
..........##########
....................
................##
..........##o...# #.
..........##..h.# #.#
.#........##.hh.# #.#
.#........##...S########.#.
#.........###..@..........
...................#####.#####
.###.##.....###.....# #.....#
. #.##.......#.....# #..##.#
#.##.....#.#.....####..##.#
#.##.....#.#...........##.####
#..........#......###.###.....
#.......†####......# #.#
#..##. #......#...........#
#.# #..##.


You could see an adder, an orc and 3 jackals.

Vanquished Creatures
  A phantom (D:4)
  A hound (D:4)
  A dart slug (D:3)
  2 orcs
  A bat (D:3)
  2 goblins
  A hobgoblin (D:1)
  A ball python (D:1)
  2 frilled lizards
  A kobold (D:1)
13 creatures vanquished.

Notes
Turn   | Place    | Note
-------+----------+-------------------------------------------
     0 | D:1      | tidbits the Draconian Wanderer began the quest for the Orb.
     0 | D:1      | tidbits set off with: a wand of confusion (15/48), a +0 mace, the Disquisition on the Rocks, a bread ration
     0 | D:1      | Reached XP level 1. HP: 19/19 MP: 2/2
     0 | D:1      | Identified the Disquisition on the Rocks
   159 | D:3      | Reached skill level 1 in Dodging
   173 | D:3      | Reached XP level 2. HP: 26/26 MP: 3/3
   189 | D:3      | Found a snail-covered altar of Cheibriados.
   195 | D:3      | Became a worshipper of Cheibriados the Contemplative
   234 | D:4      | Noticed a phantom
   263 | D:4      | Killed a phantom
   263 | D:4      | Reached skill level 4 in Fighting
   263 | D:4      | Reached skill level 2 in Dodging
   263 | D:4      | Reached XP level 3. HP: 15/34 MP: 4/4
   263 | D:4      | Reached XP level 4. HP: 19/41 MP: 5/5
   338 | D:4      | Found a bloodstained altar of Trog.
   363 | D:4      | HP: 2/41 [hound (4)]
   374 | D:4      | HP: 1/41 [adder (1)]
   377 | D:4      | Slain by an adder

Vault maps used:
D:1:      dpeg_arrival_circle_labyrinth_c
D:2:      nemelex_altar_shiori, grunt_dithmenos_smoke_and_mirrors,
          serial_corexii_hall, corexii_hall_statues_t, corexii_hall_statues_x,
          minmay_joined_circles, uniq_crazy_yiuf_cottage, uniq_jessica
D:3:      nicolae_ashenzari_panopticon, kennysheep_slug_shrine, uniq_sigmund
D:4:      bloody_trog, minmay_temple_entry_mist, first_bread, serial_shops, shop

Skill      XL: |  1  2 |
---------------+-------+-----
Dodging        | 1 2 |  2.9
Fighting       | 4 |  4.8
Bows           | |  1.7
Necromancy     | |  2.0
Earth Magic    | |  1.0
Evocations     | |  2.0

Action                   |  1- 3 |  4- 6 || total
-------------------------+-------+-------++-------
Melee: Mace              |     8 |     6 ||    14
       Tailslap          |     1 |       ||     1
 Fire: Hunting sling     |    35 |     4 ||    39
Evoke: Wand              |       |     7 ||     7
  Use: Potion            |       |     1 ||     1
Armor: Skin              |     2 |     4 ||     6
Dodge: Dodged            |    11 |    14 ||    25

Table legend:
 A = Spawn XP
 B = Non-spawn XP
 C = Spawn XP percentage of total XP
 D = Spawn monster count
 E = Non-spawn monster count
 F = Spawn count percentage of total count
 G = Total turns spent on level
                    A         B        C        D         E        F      G
               +---------+---------+-------+---------+---------+-------+---------
         Total |       0 |     179 |   0.0 |       0 |      13 |   0.0 |   377
               +---------+---------+-------+---------+---------+-------+---------
           D:1 |       0 |       5 |   0.0 |       0 |       4 |   0.0 |   117
           D:2 |       0 |       2 |   0.0 |       0 |       1 |   0.0 |    23
           D:3 |       0 |      12 |   0.0 |       0 |       5 |   0.0 |    78
           D:4 |       0 |     160 |   0.0 |       0 |       3 |   0.0 |   159
               +---------+---------+-------+---------+---------+-------+---------

Table legend:
 A = Turns spent in this place as a percentage of turns spent in the entire game.
 B = Non-inter-level travel turns spent in this place as a percentage of non-inter-level travel turns spent in the entire game.
 C = Inter-level travel turns spent in this place as a percentage of turns spent in this place.
 D = Turns resting spent in this place as a percentage of non-inter-level travel turns spent in this place.
 E = Turns spent auto-exploring this place as a percentage of non-inter-level travel turns spent in this place.
 F = Non-inter-level travel turns spent in this place divided by the number of levels of this place that you've seen.
                   A       B       C       D       E      F
               +-------+-------+-------+-------+-------+----------------------
         Total | 100.0 | 100.0 |   0.0 |   0.0 |   0.0 |  94.2
       Dungeon | 100.0 | 100.0 |   0.0 |   0.0 |   0.0 |  94.2
               +-------+-------+-------+-------+-------+----------------------

Table legend:
 A = Kills in this place as a percentage of kills in entire the game.
 B = Kills by you in this place as a percentage of kills by you in the entire game.
 C = Kills by friends in this place as a percentage of kills by friends in the entire game.
 D = Other kills in this place as a percentage of other kills in the entire game.
 E = Experience gained in this place as a percentage of experience gained in the entire game.
 F = Experience gained in this place divided by the number of levels of this place that you have seen.
                   A       B       C       D       E      F
               +-------+-------+-------+-------+-------+----------------------
         Total | 100.0 | 100.0 |   N/A |   N/A | 100.0 |  44.8
       Dungeon | 100.0 | 100.0 |   N/A |   N/A | 100.0 |  44.8
               +-------+-------+-------+-------+-------+----------------------

Vault maps used:
D:1:      dpeg_arrival_circle_labyrinth_c
D:2:      nemelex_altar_shiori, grunt_dithmenos_smoke_and_mirrors,
          serial_corexii_hall, corexii_hall_statues_t, corexii_hall_statues_x,
          minmay_joined_circles, uniq_crazy_yiuf_cottage, uniq_jessica
D:3:      nicolae_ashenzari_panopticon, kennysheep_slug_shrine, uniq_sigmund
D:4:      bloody_trog, minmay_temple_entry_mist, first_bread, serial_shops, shop
